 Dungeon Crawl Stone Soup version 0.30-a0-1075-gcd70e7a56d (webtiles) character file.

Game seed: 14264443067525080446

9145 kae the Transmogrifier (level 11, 0/91 HPs)
             Began as a Demonspawn Transmuter on Apr 14, 2023.
             Was a Follower of Makhleb.
             Killed from afar by a starcursed mass (7 damage)
             ... with an accursed screaming
             ... on level 2 of the Abyss.
             The game lasted 00:12:54 (12684 turns).

kae the Transmogrifier (Demonspawn Transmuter)     Turns: 12684, Time: 00:12:55

Health: 0/91       AC: 31    Str: 13    XL:     11   Next: 19%
Magic:  16/22      EV: 12    Int: 22    God:    Makhleb [*.....]
Gold:   336        SH:  4    Dex: 14    Spells: 9/25 levels left

rFire   . . .      SeeInvis +      - Unarmed
rCold   . . .      Faith    .    (no shield)
rNeg    + . .      Spirit   .    a - melded +2 robe
rPois   ∞          Reflect  .    d - +2 helmet of Qiamil {SInv}
rElec   +          Rampage  .    B - +2 cloak {Stlth+}
rCorr   .                        (gloves currently unavailable)
Will    .....                    (boots currently unavailable)
Stlth   ++                       (no amulet)
HPRegen 0.35/turn                I - +6 ring of intelligence
MPRegen 0.18/turn                Z - ring of wizardry

@: statue-form, very slow
A: slow and powerful, torment resistance 1, boosted hp, hooves 2, (thin metallic
scales 1), foul stench 2, condensation shield
a: End Transformation, Renounce Religion


You were on level 2 of the Abyss.
You worshipped Makhleb.
Makhleb was aware of your devotion.
You were a living statue of rough stone.
You visited 3 branches of the dungeon, and saw 12 of its levels.
You visited the Abyss 1 time.
You also visited: Ossuary and Bailey.

You collected 576 gold pieces.
You spent 240 gold pieces at shops.


Innate Abilities, Weirdness & Mutations

You are a living statue of rough stone.
Your actions are slow, but your melee attacks are powerful.
You are resistant to unholy torment.
Your maximum health is greatly increased.
You are immune to poison.
Your equipment is partially melded.
You have hoof-like feet.
((You are partially covered in thin metallic scales. (AC +2)))
You sometimes emit foul miasma when damaged in melee.
A meltable shield of frost defends you. (SH +4)


   Skills:
 - Level 1.0 Fighting
 - Level 1.7 Dodging
 + Level 7.8 Unarmed Combat
 + Level 7.6 Spellcasting
 * Level 10.6 Transmutations
 - Level 3.0 Ice Magic
 + Level 5.3 Earth Magic
 - Level 2.0 Poison Magic


You had 9 spell levels left.
You knew the following spells:

 Your Spells              Type           Power      Damage    Failure   Level
a - Beastly Appendage     Tmut           100%       N/A       1%          1
b - Wereblood             Tmut           53%        N/A       1%          2
c - Spider Form           Tmut/Pois      36%        N/A       1%          3
d - Ice Form              Ice/Tmut       38%        N/A       1%          4
e - Statue Form           Tmut/Erth      28%        N/A       17%         6

Your spell library contained the following spells:

 Spells                   Type           Power      Damage    Failure   Level
 Petrify                  Tmut/Erth      43%        N/A       1%          4
 Kiss of Death            Conj/Necr      32%        2d7       3%          1
 Poisonous Vapours        Pois/Air       24%        N/A       3%          2
 Mephitic Cloud           Conj/Pois/Air  11%        N/A       8%          3
 Gell's Gravitas          Tloc           8%         N/A       10%         3
 Teleport Other           Tloc           8%         N/A       10%         3
 Lee's Rapid Deconstruct  Erth           15%        3d10*     10%         5
 Animate Dead             Necr           8%         N/A       30%         4
 Metabolic Englaciation   Hex/Ice        7%         N/A       41%         5
 Freezing Cloud           Conj/Ice/Air   6%         6-21      47%         5
 Dispersal                Tloc           4%         N/A       99%         6
 Malign Gateway           Summ/Tloc      4%         N/A       100%        7
 Infestation              Necr           4%         N/A       100%        8
 Summon Horrible Things   Summ           4%         N/A       100%        8

Inventory:

Missiles
 c - 134 stones
 e - 7 curare-tipped darts {=f}
 y - a throwing net {=f!f}
 C - 7 poisoned darts
Armour
 a - a +2 robe (melded)
 d - the +2 helmet of Qiamil (worn) {SInv}
   (You found it on level 4 of the Dungeon)

   SInv:      It lets you see invisible.
 B - a +2 cloak of stealth (worn)
   (You took it off Crazy Yiuf on level 7 of the Dungeon)
Jewellery
 I - a +6 ring of intelligence (left fist)
   (You found it on level 2 of the Dungeon)
 P - a ring of poison resistance
   (You found it on level 9 of the Dungeon)
 T - an amulet of faith {!P}
   (You found it on level 10 of the Dungeon)
 Z - a ring of wizardry (right fist)
   (You found it on level 1 of the Dungeon)
Wands
 G - a wand of quicksilver (7)
   (You found it on level 9 of the Dungeon)
Scrolls
 f - 2 scrolls of vulnerability {!r!r}
 k - 3 scrolls of magic mapping {!r}
 s - 2 scrolls of poison {!r}
 t - 4 scrolls of teleportation {@r4}
 u - 2 scrolls of amnesia
 v - 4 scrolls of fear
 x - 2 scrolls of identify {@r1}
 A - 2 scrolls of immolation {!r!r}
 D - a scroll of silence {!r}
 E - a scroll of blinking {!r}
 F - a scroll of brand weapon
Potions
 b - 2 potions of lignification {!q}
 g - 4 potions of flight
 h - 4 potions of might
 i - 3 potions of berserk rage {!q}
 j - 4 potions of degeneration {!q}
 l - 2 potions of heal wounds {@q2}
 m - 2 potions of haste {@q3}
 n - a potion of brilliance
 o - 7 potions of curing {@q1}
 p - a potion of resistance
 q - a potion of attraction {!q}
 r - 3 potions of cancellation
 w - 3 potions of ambrosia
 z - a potion of invisibility
Miscellaneous
 H - a box of beasts
   (You found it on level 9 of the Dungeon)

Dungeon Overview and Level Annotations

Branches:
Dungeon (10/15) Zot: 26092  Temple (1/1) D:7 Zot: 5734    Lair (1/5) D:9 Zot: 5967
    Orc (0/2) D:9         Ossuary (visited)          Bailey (visited)

Altars:
Ashenzari
Cheibriados
Dithmenos
Fedhas
Gozag
Hepliaklqana
Kikubaaqudgha
Makhleb
Nemelex Xobeh
Okawaru
Qazlal
Ru
Sif Muna
Trog
Uskayaw
Vehumet
Wu Jian
Xom
Yredelemnul

Shops:
D:2 ([(=   D:6 ***(   D:10 *

Annotations:
Lair:1 Sonja

.#.#....#..
##.#....#..#.. #
#..#....#....#.#.#
............... ...
...................
##...###...###...##
#.....#.....#.....#
.....XXX......... .
.....#8X...#....
... ##5..###...#
##. ##.## #.## ...#
..# ....# .. . ....
...#.. ###.


You could see 3 starcursed masses, a large abomination and an iron imp.


Message History

You miscast Statue Form.
You are very lightly contaminated with residual magic.
You are caught in an explosion of flying shrapnel. 😮 MP[-6]
You lost 6 mp, and now have 16/22 mp. 😮 HP[+1]
You revert to your normal fleshy form.
Your +2 robe unmelds from your body. 😮 HP[-14]
You now have 70 max hp (-21). 😮 HP[+1] MP[+1] 😮 HP[+1] 😮 HP[+1] MP[+1]
Casting: Statue Form (quite dangerous; 19% risk of failure)
Confirm with . or Enter, or press ? or * to list all spells.
The spell is quite dangerous to miscast (19% risk of failure)!
Continue anyway?
You turn into a living statue of rough stone.
Your +2 robe melds into your body. 😮 HP[+15] MP[-6]
You now have 91 max hp (+21).
You regained 15 hp, and now have 64/91 hp.
You lost 6 mp, and now have 12/22 mp.
Unknown command. 😮 HP[+1]
You punch the small abomination! You kick the small abomination.
The small abomination closely misses you. 😮 MP[+1]
You hit the small abomination.
You destroy the small abomination!
Makhleb accepts your kill. 😮 HP[+1] 😮 HP[+1] 😮 MP[+1]
You barely miss the neqoxec.
The neqoxec shouts!
You kick the neqoxec!
You hear a shout!
The neqoxec hits you but does no damage. 😮 HP[+1]
You punch the neqoxec! You kick the neqoxec. The neqoxec closely misses you.
The neqoxec hits you. 😮 HP[-1]
You take 1 damage, and now have 67/91 hp.
You pummel the neqoxec!!
You kill the neqoxec!
Makhleb accepts your kill.
A starcursed mass comes into view.
An iron imp comes into view.
The starcursed mass shrieks in your mind.
Your magical contamination has completely faded away. 😮 HP[-3] MP[+1]
You take 3 damage, and now have 64/91 hp.
Unknown command.
A large abomination comes into view.
The iron imp shouts, "Bolt, thou infectious toad-spotted swadder!"
A starcursed mass splits. x2
A chorus of shrieks assaults your mind. 😮 HP[-3]
You take 3 damage, and now have 61/91 hp.
You hit the starcursed mass but do no damage.
You kick the starcursed mass, but do no damage.
The starcursed mass touches you but does no damage.
A starcursed mass splits.
You hit the starcursed mass.
You kick the starcursed mass, but do no damage.
The starcursed mass shudders and is absorbed by its neighbour.
The starcursed mass closely misses you.
A chorus of shrieks assaults your mind. 😮 HP[-8]
You take 8 damage, and now have 53/91 hp.
The starcursed mass touches you but does no damage.
A starcursed mass splits.
The iron imp hits you.
A starcursed mass splits. 😮 HP[-3]
You take 3 damage, and now have 50/91 hp.
You punch the starcursed mass!
You kick the starcursed mass, but do no damage.
The starcursed mass shudders and is absorbed by its neighbour.
A starcursed mass splits.
You block the iron imp's attack.
A starcursed mass splits.
You pummel the starcursed mass!! You kick the starcursed mass!
The starcursed mass shudders and is absorbed by its neighbour.
The iron imp barely misses you. A chorus of shrieks assaults your mind.
* * * LOW HITPOINT WARNING * * *
The large abomination hits you but does no damage. 😨 HP[-6] MP[+1]
You take 6 damage, and now have 44/91 hp.
You hit the starcursed mass.
You kick the starcursed mass, but do no damage.
You punch the starcursed mass.
The starcursed mass shudders and is absorbed by its neighbour.
A chorus of shrieks assaults your mind.
* * * LOW HITPOINT WARNING * * *
The iron imp closely misses you. The starcursed mass touches you!
* * * LOW HITPOINT WARNING * * *
The large abomination hits you!!
* * * LOW HITPOINT WARNING * * *
You pummel the large abomination!! A chorus of shrieks assaults your mind.
You die...

Skill      XL: |  1  2  3  4  5  6  7  8  9 10 |
---------------+-------------------------------+-----
Transmutations | 2 3 4 5 6 7 8 10 | 10.6
Unarmed Combat | 3 4 5 6 7 |  7.8
Poison Magic   | 1 2 |  2.0
Spellcasting   | 3 4 5 6 7 |  7.6
Ice Magic      | 3 |  3.0
Earth Magic    | 1 3 5 |  5.3
Fighting       | |  1.0
Dodging        | |  1.7

Action                     |  1- 3 |  4- 6 |  7- 9 | 10-12 || total
---------------------------+-------+-------+-------+-------++-------
  Melee: Unarmed           |   105 |   154 |   313 |   174 ||   746
         Headbutt          |     9 |     9 |       |       ||    18
         Kick              |    20 |    19 |     2 |    46 ||    87
         Punch             |     4 |     3 |       |     9 ||    16
   Cast: Beastly Appendage |    21 |    18 |       |       ||    39
         Wereblood         |     1 |     2 |    11 |     1 ||    15
         Spider Form       |     2 |     9 |       |       ||    11
         Ice Form          |       |     4 |    35 |     6 ||    45
         Statue Form       |       |       |       |    13 ||    13
Ability: End Transformatio |       |       |       |     1 ||     1
  Evoke: Wand              |       |       |       |     1 ||     1
    Use: Scroll            |     3 |     8 |    12 |     4 ||    27
         Potion            |       |       |       |     1 ||     1
   Stab: Sleeping          |       |     1 |     1 |       ||     2
 Armour: Robe              |    20 |    18 |     1 |       ||    39
         Skin              |       |    12 |   132 |   128 ||   272
  Dodge: Dodged            |    77 |   114 |   128 |   153 ||   472
  Block: Other             |       |       |    46 |    40 ||    86

Levels and vault maps discovered:
D:1:      lemuel_arrival_lava_pool, layout_loops_ring, serial_bayou_pond_b,
          serial_bayou_lagoon_a
D:2:      layout_loops_ring, serial_shops, shop,
          nicolae_shop_temple_entry_statues_fountains, shop,
          nicolae_shop_crystal, basic_altar,
          shapermc_ecumenical_altar_mp_vishouse, minmay_misc_feat_square,
          roderic_lattice_a, chequers_serial_rivers_micro_a
D:3:      layout_basic, minmay_liquid_box
D:4:      minmay_general_purpose_star, layout_loops_ring,
          mainiacjoe_overflow_alcove_2, nrook_mini_backslash
D:5:      layout_basic, grunt_tough_drop, uniq_menkaure
D:6:      layout_loops_corners, nicolae_ossuary_entry_giza, serial_shops,
          nicolae_diamond_shop, shop_statue, kennysheep_little_box,
          nicolae_shop_hallway_stairs
D:7:      layout_layer_cave, chequers_temple_overflow_minitemple, temple_green,
          uniq_crazy_yiuf_cottage
D:8:      layout_layer_cave, minmay_misc_feat_rows
D:9:      layout_loops_ring, mainiacjoe_overflow_small_starburst,
          lair_entry_dummy, minmay_orc_entry_temple_small, enter_bailey_5,
          minmay_crystal_water, uniq_grum
D:10:     layout_long_grid, mainiacjoe_overflow_catwalk, serial_shops,
          nicolae_shop_overgrown_old_shop, nicolae_straight_to_the_point
Temple:   minmay_temple_curvy_branch
Lair:1:   layout_chaotic_city, dreamdust_mushroom_princess, minivault_27,
          st_stairs_9, infiniplex_staircase_pool_2, uniq_maggie, uniq_sonja
Abyss:2:  base: D:9, minivault_23

Notes
Turn   | Place    | Note
-------+----------+-------------------------------------------
     0 | D:1      | kae the Demonspawn Transmuter began the quest for the Orb.
     0 | D:1      | Reached XP level 1. HP: 15/15 MP: 3/3
     0 | D:1      | magus.rc [v1.11.3]
   175 | D:1      | Reached skill level 2 in Transmutations
   236 | D:1      | Lost mutation: You have razor-sharp toenails. [demonic
                  | ancestry]
   236 | D:1      | Lost mutation: You have sharp toenails. [demonic ancestry]
   236 | D:1      | Gained mutation: You have large cloven feet. [demonic
                  | ancestry]
   236 | D:1      | Reached XP level 2. HP: 21/21 MP: 3/5
   380 | D:1      | Learned a level 2 spell: Wereblood
  1132 | D:2      | Reached skill level 3 in Unarmed Combat
  1149 | D:2      | Gained mutation: You may rarely emit foul miasma when
                  | damaged in melee. [demonic ancestry]
  1149 | D:2      | Reached XP level 3. HP: 14/26 MP: 3/6
  1157 | D:2      | Learned a level 3 spell: Spider Form
  1236 | D:2      | Found a hazy altar of Hepliaklqana.
  1261 | D:2      | Found Covo's Antique Weapon Shoppe.
  1437 | D:2      | Found a faded altar of an unknown god.
  1506 | D:2      | Found Nudumpufij's Armour Boutique.
  1584 | D:2      | Found Vaataff's Antique Weapon Emporium.
  1630 | D:2      | Found Ocvot Jota's Jewellery Shop.
  2043 | D:3      | Reached skill level 3 in Transmutations
  2043 | D:3      | Reached XP level 4. HP: 32/32 MP: 3/7
  2071 | D:3      | Reached skill level 1 in Poison Magic
  2904 | D:3      | Reached XP level 5. HP: 28/37 MP: 3/9
  3075 | D:4      | Identified the +2 helmet of Qiamil {SInv}
  3268 | D:4      | You add the spells Malign Gateway and Summon Horrible
                  | Things to your library.
  3423 | D:4      | Found an ancient bone altar of Kikubaaqudgha.
  3772 | D:4      | Reached skill level 2 in Poison Magic
  3981 | D:5      | Entered Level 5 of the Dungeon
  4001 | D:5      | Reached skill level 3 in Spellcasting
  4002 | D:5      | HP: 9/37 [poisoned by a scorpion]
  4007 | D:5      | HP: 5/37 [poisoned by a scorpion]
  4055 | D:5      | Noticed an ice beast
  4135 | D:4      | Learned a level 4 spell: Ice Form
  4217 | D:5      | Killed an ice beast
  4218 | D:5      | Reached skill level 4 in Transmutations
  4218 | D:5      | Gained mutation: You have hoof-like feet. [demonic
                  | ancestry]
  4218 | D:5      | Reached XP level 6. HP: 43/43 MP: 6/11
  4480 | D:5      | Reached skill level 4 in Unarmed Combat
  4712 | D:5      | Noticed Menkaure
  4718 | D:5      | Killed Menkaure
  4719 | D:5      | Reached skill level 5 in Transmutations
  4719 | D:5      | Gained mutation: A meltable shield of frost defends you.
                  | (SH +4) [demonic ancestry]
  4719 | D:5      | Reached XP level 7. HP: 47/48 MP: 7/12
  4854 | D:5      | You pick up a book of Sloth and begin reading...
  4854 | D:5      | You add the spells Petrify, Metabolic Englaciation and
                  | Statue Form to your library.
  4896 | D:5      | Noticed a steam dragon
  4922 | D:5      | Reached skill level 4 in Spellcasting
  5275 | D:6      | Found Varih's General Store.
  5280 | D:6      | Reached skill level 6 in Transmutations
  5294 | D:6      | Bought a potion of curing for 36 gold pieces
  5294 | D:6      | Bought a potion of degeneration for 12 gold pieces
  5294 | D:6      | Bought a potion of cancellation for 96 gold pieces
  5315 | D:6      | Found Jobupeiw's Assorted Antiques.
  5349 | D:6      | Found Lyvutith's General Store.
  5357 | D:6      | Bought a scroll of identify for 28 gold pieces
  5406 | D:6      | Reached XP level 8. HP: 54/54 MP: 9/14
  5421 | D:6      | Reached skill level 1 in Ice Magic
  5425 | D:6      | Reached skill level 5 in Unarmed Combat
  5434 | D:6      | Found a sand-covered staircase.
  5441 | Ossuary  | Entered an ossuary
  5601 | Ossuary  | Reached skill level 2 in Ice Magic
  5627 | Ossuary  | Reached skill level 5 in Spellcasting
  5702 | Ossuary  | Noticed a silent spectre
  5923 | D:6      | Reached skill level 7 in Transmutations
  5981 | D:6      | Learned a level 6 spell: Statue Form
  6065 | D:6      | Found Ileoly's Weapon Shoppe.
  6261 | D:6      | Reached skill level 3 in Ice Magic
  6261 | D:6      | Reached skill level 1 in Earth Magic
  6261 | D:6      | Reached XP level 9. HP: 59/59 MP: 12/16
  6366 | D:6      | You pick up a book of Vapours and begin reading...
  6366 | D:6      | You add the spells Poisonous Vapours, Mephitic Cloud and
                  | Freezing Cloud to your library.
  6494 | D:6      | HP: 13/70 [acid (12)]
  7013 | D:7      | Noticed a komodo dragon
  7027 | D:7      | Killed a komodo dragon
  7028 | D:7      | Reached skill level 6 in Unarmed Combat
  7028 | D:7      | Reached skill level 2 in Earth Magic
  7301 | D:7      | Reached skill level 8 in Transmutations
  7432 | D:7      | Found a shimmering altar of Xom.
  7438 | D:7      | Found a radiant altar of Vehumet.
  7440 | D:7      | Found a broken altar of Ashenzari.
  7442 | D:7      | Found a hide-covered altar of Uskayaw.
  7735 | D:7      | Reached skill level 6 in Spellcasting
  7782 | D:7      | Found a staircase to the Ecumenical Temple.
  8017 | D:7      | Found a runed translucent door.
  8018 | D:7      | Noticed Crazy Yiuf
  8228 | D:7      | Killed Crazy Yiuf
  8229 | D:7      | Reached skill level 3 in Earth Magic
  8235 | D:7      | Identified the +6 hammer "Axkaum" {heavy, Dex+3}
  8292 | Temple   | Entered the Ecumenical Temple
  8549 | Temple   | Became a worshipper of Makhleb the Destroyer
  9772 | D:9      | Gained mutation: You sometimes emit foul miasma when
                  | damaged in melee. [demonic ancestry]
  9772 | D:9      | Reached XP level 10. HP: 65/65 MP: 13/19
  9824 | D:9      | Reached skill level 9 in Transmutations
  9968 | D:9      | Found a flagged portal.
  9988 | Bailey   | Entered a bailey
 10187 | Bailey   | Noticed an orc knight
 10212 | Bailey   | HP: 17/78 [orc/+0 trident (7)]
 10442 | Bailey   | Killed an orc knight
 10442 | Bailey   | Reached * piety under Makhleb
 10513 | Bailey   | Found a large runed translucent door.
 10513 | Bailey   | Found a large runed translucent door.
 10514 | Bailey   | Noticed a deep elf zephyrmancer
 10659 | Bailey   | Killed a deep elf zephyrmancer
 10660 | Bailey   | Reached skill level 7 in Unarmed Combat
 10660 | Bailey   | Reached skill level 4 in Earth Magic
 10685 | Bailey   | You add the spells Kiss of Death, Animate Dead, Lee's Rapid
                  | Deconstruction and Infestation to your library.
 10685 | Bailey   | Got the Precepts of Ashen Rot
 10773 | D:9      | Noticed a two-headed ogre
 10779 | D:9      | Killed a two-headed ogre
 10780 | D:9      | Reached skill level 7 in Spellcasting
 10884 | D:9      | Noticed a two-headed ogre
 10900 | D:9      | Killed a two-headed ogre
 10901 | D:9      | Reached skill level 10 in Transmutations
 10911 | D:9      | Noticed Grum
 10930 | D:9      | Killed Grum
 10931 | D:9      | Reached skill level 5 in Earth Magic
 11090 | D:9      | You add the spells Gell's Gravitas, Teleport Other and
                  | Dispersal to your library.
 11246 | D:9      | Gained mutation: You are partially covered in thin metallic
                  | scales. (AC +2) [demonic ancestry]
 11246 | D:9      | Reached XP level 11. HP: 70/70 MP: 16/22
 11287 | D:9      | Found a bloodstained altar of Trog.
 11319 | D:9      | Found a staircase to the Orcish Mines.
 11556 | D:9      | Found a staircase to the Lair.
 11757 | D:10     | Entered Level 10 of the Dungeon
 11851 | D:10     | Found the +10 zealot's sword {holy, Zealotry, *Rage rN+
                  | EV+3}
 11883 | D:10     | Found a hazy altar of Hepliaklqana.
 11978 | D:10     | Found Ujotteg's Assorted Antiques.
 11995 | D:10     | Bought a scroll of identify for 68 gold pieces
 12050 | D:10     | Identified the +10 short sword "Roulur" {venom, rElec rC+
                  | rN+ Dex+2}
 12615 | Lair:1   | Entered Level 1 of the Lair of Beasts
 12615 | Lair:1   | Noticed Sonja
 12637 | Lair:1   | You are cast into the Abyss!
 12637 | Abyss:2  | Cast into level 2 of the Abyss (Sonja)
 12645 | Abyss:2  | Noticed a blizzard demon
 12675 | Abyss:2  | Noticed a starcursed mass
 12683 | Abyss:2  | HP: 6/91 [large abomination (22)]
 12684 | Abyss:2  | Killed from afar by a starcursed mass

Vanquished Creatures
  2 two-headed ogres (D:9)
  An orc knight (Bailey)
  A deep elf zephyrmancer (Bailey)
  A gargoyle (D:9)
  A komodo dragon (D:7)
  A troll (D:9)
  A hornet (D:9)
  2 blink frogs (Lair:1)
  A wyvern (D:9)
  A neqoxec (Abyss:2)
  A steam dragon (D:9)
  Grum (D:9)
  Menkaure (D:5)
  2 water moccasins (D:7)
  6 orc warriors
  5 black bears
  8 ice beasts
  A sky beast (D:7)
  A small abomination (Abyss:2)
  4 wolves (D:9)
  2 centaurs
  A phantom (D:5)
  3 kobold brigands
  4 bullfrogs
  A gnoll sergeant (D:7)
  2 scorpions
  2 water moccasin zombies (Ossuary)
  A wight (Ossuary)
  10 killer bees (D:9)
  A bullfrog zombie (Ossuary)
  3 howler monkeys
  A human zombie (Ossuary)
  3 jellies (D:6)
  4 orc priests
  Crazy Yiuf (D:7)
  A hound (D:5)
  A sleepcap (D:7)
  2 iguanas
  5 orc wizards
  6 scorpion zombies (Ossuary)
  A mummy (D:6)
  4 gnolls (D:7)
  10 adders
  A shadow imp (D:6)
  2 white imps
  3 ufetubi
  3 adder zombies (Ossuary)
  A worm (D:3)
  3 dart slugs
  24 orcs
  5 bats
  5 endoplasms
  5 giant cockroaches
  3 gnoll zombies (Ossuary)
  13 goblins
  7 hobgoblins
  6 quokkas
  5 ball pythons
  4 frilled lizards
  6 goblin zombies
  4 hobgoblin zombies
  21 kobolds
  An orc zombie (Ossuary)
  4 rats
237 creatures vanquished.

Vanquished Creatures (others)
  A blink frog (Lair:1)
1 creature vanquished.

Grand Total: 238 creatures vanquished

Table legend:
 A = Non-vault XP
 B = Vault XP
 C = Vault XP percentage of total XP
 D = Non-vault monster count
 E = Vault monster count
 F = Vault count percentage of total count
                 A         B        C        D         E       F
            +---------+---------+-------+---------+---------+-------
      Total |    9665 |    3400 |  26.0 |     170 |      68 |  28.6
            +---------+---------+-------+---------+---------+-------
        D:1 |      16 |       7 |  30.4 |      10 |       4 |  28.6
        D:2 |      43 |       0 |   0.0 |      19 |       0 |   0.0
        D:3 |     135 |       0 |   0.0 |      25 |       0 |   0.0
        D:4 |      24 |       7 |  22.6 |      10 |       4 |  28.6
        D:5 |     560 |     432 |  43.5 |      19 |       5 |  20.8
        D:6 |    1275 |      20 |   1.5 |      18 |       3 |  14.3
        D:7 |    1793 |      40 |   2.2 |      23 |       1 |   4.2
        D:8 |     576 |       0 |   0.0 |       9 |       0 |   0.0
        D:9 |    3923 |     732 |  15.7 |      22 |      13 |  37.1
       D:10 |     269 |       0 |   0.0 |      10 |       0 |   0.0
     Lair:1 |     726 |       0 |   0.0 |       3 |       0 |   0.0
    Abyss:2 |     325 |       0 |   0.0 |       2 |       0 |   0.0
    Ossuary |       0 |     565 | 100.0 |       0 |      26 | 100.0
     Bailey |       0 |    1597 | 100.0 |       0 |      12 | 100.0
            +---------+---------+-------+---------+---------+-------

Illustrated notes

Table legend:
 A = Kills in this place as a percentage of kills in the entire game.
 B = Kills by you in this place as a percentage of kills by you in the entire game.
 C = Kills by friends in this place as a percentage of kills by friends in the entire game.
 D = Other kills in this place as a percentage of other kills in the entire game.
 E = Experience gained in this place as a percentage of experience gained in the entire game.
 F = Experience gained in this place divided by the number of levels of this place that you have seen.
                   A       B       C       D       E      F
               +-------+-------+-------+-------+-------+----------------------
         Total | 100.0 | 100.0 |   N/A | 100.0 | 100.0 | 871.0
       Dungeon |  81.9 |  82.3 |   N/A |   0.0 |  75.4 | 985.2
          Lair |   1.3 |   0.8 |   N/A | 100.0 |   5.6 | 726.0
         Abyss |   0.8 |   0.8 |   N/A |   0.0 |   2.5 | 325.0
       Ossuary |  10.9 |  11.0 |   N/A |   0.0 |   4.3 | 565.0
        Bailey |   5.0 |   5.1 |   N/A |   0.0 |  12.2 | 1597.0
               +-------+-------+-------+-------+-------+----------------------

Table legend: (Time is in decaauts)
 A = Elapsed time spent in this place.
 B = Non-inter-level travel time spent in this place.
 C = Inter-level travel time spent in this place.
 D = Time resting spent in this place.
 E = Time spent auto-exploring this place.
 F = Levels seen in this place.
 G = Mean time per level.
                   A        B        C        D        E       F      G
               +--------+--------+--------+--------+--------+-----+--------+
         Total |  12849 |  12387 |    462 |    592 |   9682 |  15 |  856.6 |
       Dungeon |  11398 |  10944 |    454 |    360 |   9020 |  10 | 1139.8 |
        Temple |    265 |    258 |      7 |      0 |    245 |   1 |  265.0 |
          Lair |     31 |     31 |      0 |      0 |      0 |   1 |   31.0 |
         Abyss |     63 |     63 |      0 |      0 |      0 |   1 |   63.0 |
       Ossuary |    295 |    295 |      0 |     30 |     49 |   1 |  295.0 |
        Bailey |    795 |    795 |      0 |    202 |    368 |   1 |  795.0 |
               +--------+--------+--------+--------+--------+-----+--------+

Top non-repeatable levels by time:
     D:7: 1533 daAuts
     D:6: 1418 daAuts
     D:9: 1369 daAuts
     D:4: 1130 daAuts
     D:8: 1113 daAuts
     D:2: 1035 daAuts
     D:3: 1019 daAuts
     D:5: 967 daAuts
     D:1: 945 daAuts
    D:10: 866 daAuts
  Bailey: 795 daAuts
 Ossuary: 295 daAuts
  Temple: 265 daAuts
 Abyss:2: 63 daAuts
  Lair:1: 31 daAuts
